 Dungeon Crawl Stone Soup version 0.20.0-10-g0535bb4 (webtiles) character file.

3894 Hasart the Carver (level 10, 0/80 HPs)
             Began as a Barachi Fighter on June 4, 2017.
             Was a Believer of Cheibriados.
             Slain by zkyp's ghost (3 damage)
             ... on level 8 of the Dungeon.
             The game lasted 00:16:27 (5631 turns).

Hasart the Carver (Barachi Fighter)                 Turns: 5631, Time: 00:16:28

Health: 0/80       AC: 12    Str: 22    XL:     10   Next: 19%
Magic:  19/19      EV: 17    Int: 15    God:    Cheibriados [**....]
Gold:   280        SH:  0    Dex: 19    Spells: 9/9 levels left

rFire    . . .     SeeInvis .   B - +0 scimitar of the Harvest {slice, Dex+3}
rCold    . . .     Gourm    .   c - +0 shield
rNeg     + . .     Faith    .   v - +3 ring mail of Supple Strength {-Cast rPois rN+ MP+9}
rPois    +         Spirit   .   w - +0 helmet
rElec    .         Reflect  .   (no cloak)
rCorr    .         Harm     .   (no gloves)
MR       .....     NoCast   +   p - +0 pair of boots
Stlth    ..........             (no amulet)
Regen    0.3/turn               y - ring of flight
MPRegen  0.2/turn               E - +3 ring of evasion

@: confused, can't hop, slowed, very slow
A: +LOS, swims, slowness 1, strong legs 1
a: Hop, Bend Time, Renounce Religion, Evoke Flight


You were on level 8 of the Dungeon.
You worshipped Cheibriados.
Cheibriados was pleased with you.
You were very hungry.

You visited 2 branches of the dungeon, and saw 9 of its levels.

You collected 451 gold pieces.
You spent 171 gold pieces at shops.

Inventory:

Hand Weapons
 a - a +0 long sword
 l - a +2 dagger of venom
 B - the +0 scimitar of the Harvest (weapon) {slice, Dex+3}
   (You bought it in a shop on level 5 of the Dungeon)

   It inflicts extra damage upon your enemies.
   It affects your dexterity (+3).
 K - a +1 dagger of electrocution
Armour
 c - a +0 shield (worn)
 p - a +0 pair of boots (worn)
 v - the +3 ring mail of Supple Strength (worn) {-Cast rPois rN+ MP+9}
   (You found it on level 4 of the Dungeon)

   It protects you from poison.
   It protects you from negative energy.
   It affects your magic capacity (+9).
   It prevents spellcasting.
 w - a +0 helmet (worn)
Jewellery
 y - a ring of flight (left hand)
 E - a +3 ring of evasion (right hand)
Wands
 b - a wand of enslavement (7/24)
 A - a wand of random effects (17/48)
 D - a wand of flame (38/48)
 G - a wand of lightning (9/15)
 J - a wand of acid (9/15)
 N - a wand of flame (18/48)
Scrolls
 e - 4 scrolls of teleportation
 g - 5 scrolls of remove curse
 h - 3 scrolls of immolation {unknown}
 r - 7 scrolls of identify
 s - 3 scrolls of random uselessness {unknown}
 u - 2 scrolls of amnesia {unknown}
 x - 3 scrolls of fog {unknown}
 F - a scroll of recharging {unknown}
 H - 2 scrolls of magic mapping {unknown}
 L - a scroll of blinking {unknown}
Potions
 d - a potion of might
 i - 2 potions of haste {unknown}
 k - a potion of berserk rage {unknown}
 m - a potion of flight {unknown}
 n - a potion of lignification {unknown}
 t - 4 potions of brilliance
 C - a potion of curing {unknown}
 I - a potion of magic {unknown}
Books
 M - a book of Minor Magic

   Spells                             Type                      Level
   a - Magic Dart                     Conjuration                  1
   b - Blink                          Translocation                2
   c - Call Imp                       Summoning                    2
   d - Slow                           Hexes                        2
   e - Conjure Flame                  Conjuration/Fire             3
   f - Mephitic Cloud                 Conjuration/Poison/Air       3
Comestibles
 f - 6 bread rations
 j - 5 royal jellies
 o - 2 meat rations
 z - 2 fruits


   Skills:
 + Level 7.9 Fighting
 * Level 10.1 Long Blades
 + Level 7.8 Armour
 + Level 6.5 Dodging
 + Level 7.2 Shields


You had 9 spell levels left.
You didn't know any spells.

Dungeon Overview and Level Annotations

Branches:
Dungeon (8/15)             Temple (1/1) D:7
   Lair: D:8-11

Altars:
Ashenzari
Cheibriados
Dithmenos
Elyvilon
Fedhas
Gozag
Hepliaklqana
Kikubaaqudgha
Makhleb
Nemelex Xobeh
Okawaru
Qazlal
Ru
Sif Muna
Trog
Uskayaw
Vehumet
Xom
Yredelemnul
Zin
The Shining One

Shops:
D:5 :*(

Annotations:
D:8 zkyp's ghost, novice DrHu


Innate Abilities, Weirdness & Mutations

Shadows flee at your approach. (+LOS)
You can swim through water.
You cover ground slowly.
You can hop short distances.


Message History

Zkyp's ghost hits you!
* * * LOW HITPOINT WARNING * * *
You see here a stone.
Unknown command.
Okay, then.
You are confused.
You feel invigorated. Zkyp's ghost closely misses you. Zkyp's ghost hits you!
* * * LOW HITPOINT WARNING * * *
Unknown command.
You're too confused to move!
Zkyp's ghost grins evilly.
Zkyp's ghost completely misses you.
You closely miss zkyp's ghost. Zkyp's ghost hits you!
* * * LOW HITPOINT WARNING * * *
Zkyp's ghost freezes you.
* * * LOW HITPOINT WARNING * * *
Zkyp's ghost hits you.
* * * LOW HITPOINT WARNING * * *
Zkyp's ghost burns you.
You die...

.....#### ##...............##
...#....#####..###...........#
..#####....#..## ###........##
.## ##†....## #........# ..#
#.......## ##......### ..#
#........## ##.......### ..#
#....##.).## ##.###....# ..#
#....####W.# ### ###..# ...#
#....# ##@## ##.# ...# #....#
##)## #.## ...# #...## ##(##
##### #..# ...# #...#
##.###...## ##.# ...# #...#
##.#.....## ### ...# ...#
##.......## ...# #..(......#
##.........# #.........##


You could see zkyp's ghost.

Vanquished Creatures
  A two-headed ogre (D:8)
  Pikel (D:5)
  Sigmund (D:5)
  3 orc warriors
  A sky beast (D:7)
  2 phantoms
  A necrophage (D:8)
  3 ogres
  A centaur (D:5)
  2 big kobolds
  2 bullfrogs (D:8)
  A wyvern skeleton (D:8)
  A water moccasin zombie (D:7)
  6 killer bees
  3 howler monkeys
  A crimson imp (D:7)
  4 jellies
  3 orc priests
  2 bullfrog skeletons
  5 hounds
  6 orc wizards
  2 iguanas
  Jessica (D:1)
  4 worker ants
  A killer bee zombie (D:6)
  A worker ant zombie (D:6)
  4 adders
  A shadow imp (D:4)
  3 dart slugs (D:1)
  4 leopard geckos
  14 orcs
  A ball python (D:1)
  7 giant cockroaches
  2 goblins (D:1)
  7 hobgoblins
  3 quokkas
  6 bats
  7 frilled lizards
  12 kobolds
  A leopard gecko skeleton (D:8)
  A quokka skeleton (D:6)
  A quokka zombie (D:7)
  11 rats
144 creatures vanquished.

Vanquished Creatures (others)
  A slave (D:5)
  A worker ant (D:5)
2 creatures vanquished.

Grand Total: 146 creatures vanquished

Notes
Turn   | Place    | Note
-------+----------+-------------------------------------------
     0 | D:1      | Hasart the Barachi Fighter began the quest for the Orb.
     0 | D:1      | Reached XP level 1. HP: 18/18 MP: 1/1
    37 | D:1      | Reached XP level 2. HP: 21/25 MP: 2/2
   292 | D:1      | Found a glowing golden altar of the Shining One.
   324 | D:1      | Reached skill level 3 in Long Blades
   324 | D:1      | Reached XP level 3. HP: 29/30 MP: 3/3
   600 | D:2      | Noticed Jessica
   614 | D:1      | Killed Jessica
   614 | D:1      | Reached skill level 1 in Dodging
   618 | D:1      | Reached XP level 4. HP: 24/37 MP: 4/4
  1471 | D:3      | You fall through a shaft!
  1473 | D:4      | Reached XP level 5. HP: 43/43 MP: 5/5
  1692 | D:4      | Reached skill level 4 in Long Blades
  1764 | D:4      | Got a scorched ring mail
  1775 | D:4      | Identified the +3 ring mail of Supple Strength {-Cast rPois rN+ MP+9} (You found it on level 4 of the Dungeon)
  1858 | D:4      | Noticed a phantom
  1941 | D:4      | Killed a phantom
  1941 | D:4      | Reached XP level 6. HP: 27/50 MP: 6/6
  2215 | D:5      | Entered Level 5 of the Dungeon
  2256 | D:5      | Found Upsoruw's Book Shoppe.
  2270 | D:5      | Noticed Pikel
  2270 | D:5      | Noticed a slave
  2270 | D:5      | Noticed a slave
  2270 | D:5      | Noticed a slave
  2271 | D:5      | Noticed a slave
  2303 | D:5      | Killed Pikel
  2303 | D:5      | Reached skill level 5 in Fighting
  2303 | D:5      | Reached skill level 6 in Long Blades
  2303 | D:5      | Reached skill level 5 in Armour
  2303 | D:5      | Reached skill level 5 in Shields
  2303 | D:5      | Reached XP level 7. HP: 50/56 MP: 7/7
  2385 | D:5      | Found Fuageuvi's Antique Weapon Emporium.
  2432 | D:5      | Found Sihum's Assorted Antiques.
  2439 | D:5      | Bought a faintly glowing scimitar for 171 gold pieces
  2441 | D:5      | Identified the cursed +0 scimitar of the Harvest {slice, Dex+3} (You bought it in a shop on level 5 of the Dungeon)
  2459 | D:5      | Reached XP level 8. HP: 36/64 MP: 8/8
  2710 | D:5      | Noticed Sigmund
  2725 | D:5      | Killed Sigmund
  2725 | D:5      | Reached skill level 7 in Long Blades
  3029 | D:6      | Found an opulent altar of Gozag.
  3296 | D:6      | You fall through a shaft for 2 floors!
  3298 | D:8      | Noticed a two-headed ogre
  3311 | D:8      | Killed a two-headed ogre
  3311 | D:8      | Reached skill level 8 in Long Blades
  3311 | D:8      | Reached skill level 5 in Dodging
  3311 | D:8      | Reached XP level 9. HP: 56/71 MP: 9/9
  3764 | D:7      | Reached skill level 9 in Long Blades
  4016 | D:7      | Found a staircase to the Ecumenical Temple.
  4026 | Temple   | Entered the Ecumenical Temple
  4075 | Temple   | Became a worshipper of Cheibriados the Contemplative
  4856 | D:7      | Reached * piety under Cheibriados
  5038 | D:6      | Reached XP level 10. HP: 54/79 MP: 10/10
  5392 | D:8      | Reached skill level 10 in Long Blades
  5400 | D:8      | Reached ** piety under Cheibriados
  5603 | D:8      | Noticed zkyp's ghost (novice DrHu)
  5631 | D:8      | HP: 3/80 [zkyp's ghost (5)]
  5631 | D:8      | Slain by zkyp's ghost

Skill      XL: |  1  2  3  4  5  6  7  8  9 10 |
---------------+-------------------------------+-----
Fighting       | 4 5 6 7 |  7.9
Long Blades    | 3 4 6 8 9 10 | 10.1
Armour         | 4 5 6 7 |  7.8
Dodging        | 1 2 3 5 6 |  6.5
Shields        | 4 5 6 7 |  7.2

Action                   |  1- 3 |  4- 6 |  7- 9 | 10-12 || total
-------------------------+-------+-------+-------+-------++-------
Melee: Long sword        |    75 |    36 |       |       ||   111
       Dagger            |       |   122 |    91 |       ||   213
       Scimitar          |       |       |   195 |    54 ||   249
 Abil: Hop               |     1 |       |     4 |     1 ||     6
  Use: Scroll            |       |       |     4 |       ||     4
       Potion            |       |       |     3 |     1 ||     4
  Eat: Chunk             |       |     5 |    11 |       ||    16
Armor: Scale mail        |    52 |    23 |       |       ||    75
       Ring mail         |       |    23 |    71 |    11 ||   105
Dodge: Dodged            |    23 |    40 |   139 |    29 ||   231
Block: Shield            |    51 |    61 |   148 |    26 ||   286
       Rpst.: Long sword |     7 |     5 |       |       ||    12
       Scimitar          |       |       |    38 |     9 ||    47
